 Dungeon Crawl Stone Soup version 0.23-a0-395-gcf17ac6 (webtiles) character file.

182 sleepydude the Shield-Bearer (level 5, -6/33 HPs)
             Began as a Gargoyle Fighter on Nov 1, 2018.
             Killed by divine providence
             ... invoked by an orc priest
              (11 damage)
             ... on level 3 of the Dungeon.
             The game lasted 00:03:47 (2122 turns).

sleepydude the Shield-Bearer (Gargoyle Fighter)     Turns: 2122, Time: 00:03:48

Health: -6/33      AC: 17    Str: 21    XL:     5   Next: 61%
Magic:  0/5        EV:  4    Int:  8    God:
Gold:   96         SH:  0    Dex:  9    Spells: 4/4 levels left

rFire    . . .     SeeInvis .   n - +2 hand axe (flame)
rCold    . . .     Gourm    .   c - +0 shield
rNeg     + . .     Faith    .   k - +0 plate armour
rPois    ∞         Spirit   +   (no helmet)
rElec    +         Reflect  .   (no cloak)
rCorr    +         Harm     .   (no gloves)
MR       .....                  v - +0 pair of boots
Stlth    ..........             s - amulet of guardian spirit
HPRegen  0.11/turn              l - ring of resist corrosion
MPRegen  0.09/turn              q - ring of attention (curse)

@: confused
A: negative energy resistance 1, electricity resistance, unbreathing,
petrification resistance, rot immunity, AC +4
a: no special abilities


You were on level 3 of the Dungeon.
You were not hungry.

You visited 1 branch of the dungeon, and saw 3 of its levels.

You collected 96 gold pieces.

Inventory:

Hand Weapons
 a - a +0 flail
 n - a +2 hand axe of flaming (weapon)
Armour
 c - a +0 shield (worn)
 k - a +0 plate armour (worn)
 v - a +0 pair of boots (worn)
Jewellery
 i - an uncursed ring of stealth
 l - a ring of resist corrosion (left hand)
 p - an uncursed amulet of rage
 q - a cursed ring of attention (right hand)
 s - an amulet of guardian spirit (around neck)
Scrolls
 h - a scroll of identify {@r1}
 m - a scroll of remove curse {unknown}
 o - 2 scrolls of noise
 r - a scroll of fear {unknown}
Potions
 b - a potion of lignification {unknown}
 d - 2 potions of might
 e - a potion of flight {unknown}
 j - 2 potions of brilliance
 t - a potion of haste {unknown}
 u - a potion of agility {unknown}
Comestibles
 f - 5 rations
 g - 4 chunks of flesh


   Skills:
 + Level 4.2 Fighting
 + Level 3.0 Maces & Flails
 + Level 4.1 Armour
 + Level 1.5 Dodging
 + Level 4.2 Shields


You had 4 spell levels left.
You didn't know any spells.
Your spell library contained the following spells:

 Spells                   Type           Power        Failure   Level  Hunger
 Beastly Appendage        Tmut           #.....       100%        1    ##.....
 Sticks to Snakes         Tmut           #.......     100%        2    ###....
 Spider Form              Tmut/Pois      #.........   100%        3    ####...
 Ice Form                 Ice/Tmut       #.......     100%        4    #####..
 Blade Hands              Tmut           #.........   100%        5    ######.


Dungeon Overview and Level Annotations

Branches:
Dungeon (3/15)

Altars:
Qazlal
Zin


Innate Abilities, Weirdness & Mutations

You are resistant to torment.
Your stone body is resilient. (AC +4)
You are immune to poison.
You resist negative energy. (rN+)
You are resistant to electric shocks. (rElec)
You can survive without breathing.
You are immune to petrification.
You are immune to rotting.


Message History

The orc wizard hits you but does no damage.
The orc priest hits you but does no damage.
The orc wizard hits you but does no damage.
You hit the orc priest but do no damage.
The orc priest is lightly wounded.
Your shield and plate armour prevent you from hitting the orc wizard.
You closely miss the orc wizard.
The orc wizard gestures wildly while chanting.
The orc wizard blinks!
The orc priest hits you but does no damage.
The orc wizard hits you but does no damage.
The orc wizard gestures wildly while chanting.
The orc wizard seems to speed up.
The orc priest hits you but does no damage.
The orc wizard hits you but does no damage.
You bump into the rock wall.
The orc wizard hits you but does no damage.
The orc priest mumbles some strange prayers to Beogh against you.
Beogh smites you!
You die...

#.# #o# #o# #.#
#######o#
#.o.oo..#
#.####### #.#.o.#
#.)o@.# ###o###
###############.#
................#
###############.#
###


You could see an orc priest and 2 orc wizards.

Vanquished Creatures
  A centaur (D:2)
  A worker ant (D:2)
  An adder (D:2)
  3 dart slugs
  2 leopard geckos (D:1)
  4 orcs (D:3)
  A giant cockroach (D:1)
  4 goblins
  13 hobgoblins
  4 jackals (D:1)
  2 quokkas (D:2)
  A ball python (D:3)
  5 bats
  6 frilled lizards (D:1)
  4 kobolds
  7 rats
59 creatures vanquished.

Notes
Turn   | Place    | Note
-------+----------+-------------------------------------------
     0 | D:1      | sleepydude the Gargoyle Fighter began the quest for the
                  | Orb.
     0 | D:1      | Reached XP level 1. HP: 14/14 MP: 1/1
   291 | D:1      | Reached XP level 2. HP: 18/19 MP: 2/2
   556 | D:1      | Reached XP level 3. HP: 22/23 MP: 3/3
  1124 | D:2      | Found a stormy altar of Qazlal.
  1184 | D:2      | Reached skill level 1 in Dodging
  1184 | D:2      | Reached XP level 4. HP: 23/29 MP: 4/4
  1416 | D:2      | Noticed a centaur
  1430 | D:2      | Killed a centaur
  1430 | D:2      | Reached XP level 5. HP: 18/33 MP: 5/5
  1772 | D:2      | Found a glowing silver altar of Zin.
  2122 | D:3      | Killed from afar by an orc priest

Vault maps used:
D:1:      minmay_arrival_hallway, corexii_corridor_pit, serial_bayou_ford_a,
          minmay_misc_feat_iff, hex_intersection, minmay_pentomino_r4
D:2:      marbit_many_paths, hex_tiny, grunt_qazlal_sundering
D:3:      cheibrodos_pilgrimage

Skill      XL: |  1  2  3  4  5 |
---------------+----------------+-----
Dodging        | 1 |  1.5
Fighting       | 4 |  4.2
Armour         | 4 |  4.1
Shields        | 4 |  4.2
Maces & Flails | 3 |  3.0

Action                   |  1- 3 |  4- 6 || total
-------------------------+-------+-------++-------
Melee: Flail             |   151 |       ||   151
       Hand axe          |    16 |    56 ||    72
  Use: Scroll            |       |     3 ||     3
  Eat: Chunk             |     1 |     3 ||     4
Armor: Scale mail        |    42 |       ||    42
       Plate armour      |    95 |    48 ||   143
Dodge: Dodged            |    53 |     9 ||    62
Block: Shield            |   100 |    23 ||   123

Table legend:
 A = Non-vault XP
 B = Vault XP
 C = Vault XP percentage of total XP
 D = Non-vault monster count
 E = Vault monster count
 F = Vault count percentage of total count
                 A         B        C        D         E       F
            +---------+---------+-------+---------+---------+-------
      Total |     252 |       8 |   3.1 |      55 |       4 |   6.8
            +---------+---------+-------+---------+---------+-------
        D:1 |      56 |       6 |   9.7 |      34 |       3 |   8.1
        D:2 |     182 |       2 |   1.1 |      15 |       1 |   6.2
        D:3 |      14 |       0 |   0.0 |       6 |       0 |   0.0
            +---------+---------+-------+---------+---------+-------
